 Dungeon Crawl Stone Soup version 0.30.0-10-gfe55d96785 (webtiles) character file.

Game seed: 4694392567810010562

21 Firecrotchwizard the Chopper (level 2, -1/27 HPs)
             Began as a Hill Orc Monk on May 15, 2023.
             Killed from afar by Natasha (14 damage)
             ... with a bolt of dispelling energy
             ... on level 3 of the Dungeon.
             The game lasted 00:01:07 (602 turns).

Firecrotchwizard the Chopper (Hill Orc Monk)         Turns: 602, Time: 00:01:07

Health: -1/27      AC:  2    Str: 13    XL:     2   Next: 87%
Magic:  2/2        EV: 12    Int: 10    God:
Gold:   56         SH:  0    Dex: 13    Spells: 1/1 levels left

rFire   . . .        a - +0 hand axe
rCold   . . .        d - orb {light}
rNeg    . . .        b - +0 robe
rPois   .            (no helmet)
rElec   .            (no cloak)
rCorr   .            (no gloves)
SInv    .            (no boots)
Will    .....        (no amulet)
Stlth   +            (no ring)
HPRegen 0.24/turn    (no ring)
MPRegen 0.08/turn

%: no passive effects
@: glowing
A: no striking features
a: no special abilities


You were on level 3 of the Dungeon.
You visited 1 branch of the dungeon, and saw 3 of its levels.

You collected 56 gold pieces.

Inventory:

Hand Weapons
 a - a +0 hand axe (weapon)
Armour
 b - a +0 robe (worn)
 d - an orb of light (worn)
Scrolls
 f - a scroll of teleportation {unknown}
 g - a scroll of blinking {unknown}
Potions
 c - 2 potions of ambrosia
 e - a potion of haste {unknown}


   Skills:
 + Level 4.0 Fighting
 * Level 4.7 Axes
 + Level 1.1 Armour
 - Level 2.4 Dodging


You had one spell level left.
You didn't know any spells.
Your spell library was empty.

Dungeon Overview and Level Annotations

Branches:
Dungeon (3/15)

Altars:

Annotations:
D:3 Natasha


Message History

Key pressed, stopping explore.
No target in view!
(D) Dungeon
Where to? (Enter - D:1 @ (x,y), ? - help)
There is a stone staircase leading down here.
You climb downwards.
Found 12 gold pieces.
There is a stone staircase leading up here.
You now have 50 gold pieces (gained 12).
Found a stone staircase leading down.
A dart slug comes into view.
Found a stone staircase leading up.
You hit the dart slug.
The dart slug is heavily wounded.
The dart slug bites you.
You hit the dart slug.
You kill the dart slug!
No target in view!
(D) Dungeon
Where to? (Enter - D:2, ? - help) HP restored.
There is a stone staircase leading down here.
You climb downwards.
There is a stone staircase leading up here.
An adder comes into view.
The adder hisses angrily.
The adder barely misses you.
You barely miss the adder. The adder bites you.
You are poisoned.
The adder poisons you!
You closely miss the adder.
You feel sick. The adder bites you but does no damage. The adder bites you.
You are more poisoned.
The adder poisons you!
You slash the adder!
The adder is severely wounded.
You feel sick. The adder barely misses you.
You hit the adder.
The adder is almost dead.
You feel sick. The adder bites you but does no damage. The adder misses you.
You barely miss the adder.
The adder is almost dead.
You feel sick. The adder bites you.
You barely miss the adder.
The adder is almost dead.
You feel sick. The adder bites you but does no damage. The adder bites you.
* * * LOW HITPOINT WARNING * * *
You are too injured to fight recklessly!
You closely miss the adder.
The adder is almost dead.
You feel sick. The adder bites you.
* * * LOW HITPOINT WARNING * * *
You are more poisoned.
The adder poisons you!
You hit the adder.
You kill the adder!
You feel sick.
Your Armour skill increases to level 1!
You feel sick.
You start resting.
You feel sick. x4
You are no longer poisoned.
You start resting.
HP restored.
An endoplasm comes into view.
An endoplasm is nearby!
The endoplasm quivers.
You hit the endoplasm.
The endoplasm is severely wounded.
The endoplasm misses you.
You hit the endoplasm but do no damage.
The endoplasm is heavily wounded.
The endoplasm freezes you.
You are frozen.
The endoplasm hits you.
You slash the endoplasm!
You kill the endoplasm!
Your Fighting skill increases to level 4!
No target in view!
You now have 56 gold pieces (gained 6).
f - a scroll labelled XUWUGHAIRE
g - a scroll labelled KUSUARGHOUQ
Found a stone staircase leading down.
There is a stone staircase leading down here.
An endoplasm comes into view.
The endoplasm quivers.
The endoplasm falls through a shaft!
The shaft crumbles and collapses.
Natasha, Servant of Life and Death comes into view.
She is carrying a wand of quicksilver (13).
Natasha hisses angrily.
Natasha zaps a wand.
The bolt of dispelling energy hits you!
Ouch! That really hurt!
* * * LOW HITPOINT WARNING * * *
You start resting.
Natasha is nearby!
You aren't carrying any items that you can evoke.
You are too injured to fight recklessly!
You are too injured to fight recklessly!
Natasha zaps a wand.
The bolt of dispelling energy hits you!
Ouch! That really hurt!
You die...

#<.####.########......#
##...#..# ########
###.....## #........##
...####...## #### #..
#.#..#######..# #.#
#..#....#...h.# #.
##.####..h###.# #.
..........@##.###.###
#.
.......###.##.......#
........ #..##......h.
......... .............
#.........
##.#......... ....###
........... ....
.........=. ...........
#...........


You could see Natasha.

Vanquished Creatures
  An adder (D:3)
  2 dart slugs
  A ball python (D:1)
  An endoplasm (D:3)
  A giant cockroach (D:1)
  A hobgoblin (D:1)
  A kobold (D:1)
8 creatures vanquished.

Notes
Turn   | Place    | Note
-------+----------+-------------------------------------------
     0 | D:1      | Firecrotchwizard the Hill Orc Monk began the quest for the
                  | Orb.
     0 | D:1      | Reached XP level 1. HP: 19/19 MP: 1/1
   202 | D:1      | Reached XP level 2. HP: 13/27 MP: 2/2
   335 | D:3      | Reached skill level 1 in Armour
   591 | D:3      | Noticed Natasha
   602 | D:3      | Killed from afar by Natasha

Illustrated notes

Levels and vault maps discovered:
D:1:      dpeg_arrival_pits, layout_basic
D:2:      layout_basic, uniq_sigmund
D:3:      layout_rooms, mainiacjoe_overflow_six_doors_small,
          mainiacjoe_overflow_alcove_4, hellmonk_ecumenical_altar_blasted,
          uniq_natasha

Skill      XL: |  1  2 |
---------------+-------+-----
Armour         | 1 |  1.1
Fighting       | 4 |  4.0
Axes           | |  4.7
Dodging        | |  2.4

Action                     || total
---------------------------++-------
  Melee: Hand axe          ||    28
 Armour: Robe              ||     5
  Dodge: Dodged            ||    15
